 Dungeon Crawl Stone Soup version 0.20.1-1-g8b1a95d (webtiles) character file.

178 wnhky the Skirmisher (level 5, -3/47 HPs)
             Began as a Hill Orc Fighter on Sept 11, 2017.
             Killed from afar by Ijyb (15 damage)
             ... with a wand of lightning (?/15)
             ... on level 3 of the Dungeon.
             The game lasted 00:03:54 (2521 turns).

wnhky the Skirmisher (Hill Orc Fighter)             Turns: 2521, Time: 00:03:55

Health: -3/47      AC:  8    Str: 19    XL:     5   Next: 58%
Magic:  5/5        EV:  8    Int:  8    God:
Gold:   76         SH:  9    Dex: 11    Spells: 4/4 levels left

rFire    . . .     SeeInvis +   a - +0 war axe
rCold    . . .     Gourm    .   c - +0 shield
rNeg     . . .     Faith    .   b - +0 scale mail
rPois    +         Spirit   .   (no helmet)
rElec    .         Reflect  .   i - +0 cloak
rCorr    .         Harm     .   (no gloves)
MR       .....                  (no boots)
Stlth    ..........             (no amulet)
Regen    0.2/turn               (no ring)
MPRegen  0.1/turn               (no ring)

@: lethally poisoned (-3 -> -5)
A: see invisible, poison resistance
a: no special abilities


You were on level 3 of the Dungeon.
You were not hungry.

You visited 1 branch of the dungeon, and saw 3 of its levels.

You collected 76 gold pieces.

Inventory:

Hand Weapons
 a - a +0 war axe (weapon)
Armour
 b - a +0 scale mail (worn)
 c - a +0 shield (worn)
 i - a +0 cloak (worn)
Scrolls
 e - a scroll of magic mapping {unknown}
 h - 2 scrolls of fog {unknown}
 j - a scroll of amnesia {unknown}
 k - a scroll of enchant weapon {unknown}
 m - a scroll of enchant armour {unknown}
 o - a scroll of blinking {unknown}
Potions
 d - a potion of might
Comestibles
 f - 2 bread rations


   Skills:
 * Level 4.6 Fighting
 * Level 4.0 Axes
 * Level 4.3 Armour
 + Level 1.4 Dodging
 * Level 4.0 Shields


You had 4 spell levels left.
You didn't know any spells.

Dungeon Overview and Level Annotations

Branches:
Dungeon (3/15)

Altars:
Fedhas

Annotations:
D:2 exclusion: oklob plant
D:3 Ijyb


Innate Abilities, Weirdness & Mutations

You have supernaturally acute eyesight. (SInv)
Your system is resistant to poisons. (rPois)


Message History

You barely miss the adder.
The adder is almost dead.
You hit Ijyb. You block the adder's attack. Ijyb hits you but does no damage.
The adder completely misses you.
You slash the adder!
You kill the adder!
You hit Ijyb.
You feel sick. Ijyb closely misses you.
Ijyb screams, "Get away!"
Ijyb hits you with a dagger.
You feel sick. Ijyb hits you but does no damage.
The orc throws a tomahawk of returning.
The tomahawk of returning hits you.
The weapon returns to the orc!
Ijyb zaps a wand.
The bolt of lightning hits you!
* * * LOW HITPOINT WARNING * * *
It is a wand of lightning (?/15).
Ijyb screams, "It's all mine!"
You hit Ijyb but do no damage.
Ijyb is moderately wounded.
You feel sick.
Ijyb zaps a wand.
The bolt of lightning hits you!
You die...

........##o.###
##.......$##
#os#.......##
##g#o........#
#..#.o.......#
#g##............
#o##.........#..
##..###g##........#.#.
#......g@........#._.#
#.#....###..<.....#.#.
#..#. #.........#
.....#..............
.### #####.........#
##.......## ##........
########.


You could see Ijyb, an orc and 2 goblins.

Vanquished Creatures
  Crazy Yiuf (D:2)
  8 adders
  2 oozes
  3 worms (D:2)
  3 dart slugs
  A leopard gecko (D:1)
  A ball python (D:1)
  6 bats
  A giant cockroach (D:2)
  9 goblins
  8 hobgoblins
  2 jackals (D:2)
  2 quokkas
  A frilled lizard (D:2)
  5 kobolds
  3 rats (D:2)
56 creatures vanquished.

Notes
Turn   | Place    | Note
-------+----------+-------------------------------------------
     0 | D:1      | wnhky the Hill Orc Fighter began the quest for the Orb.
     0 | D:1      | Reached XP level 1. HP: 19/19 MP: 1/1
   190 | D:1      | Reached XP level 2. HP: 26/27 MP: 2/2
   552 | D:1      | Reached XP level 3. HP: 27/33 MP: 3/3
  1163 | D:2      | Reached skill level 1 in Dodging
  1167 | D:2      | Reached XP level 4. HP: 33/40 MP: 4/4
  1518 | D:2      | Found a blossoming altar of Fedhas.
  1557 | D:2      | Noticed an oklob plant
  1734 | D:2      | Reached XP level 5. HP: 42/47 MP: 5/5
  1965 | D:2      | Found a runed door.
  2089 | D:2      | Noticed Crazy Yiuf
  2098 | D:2      | Gained mutation: You are occasionally teleported next to monsters. [potion of mutation]
  2098 | D:2      | Gained mutation: Scrolls take you a little longer to read. [potion of mutation]
  2098 | D:2      | Gained mutation: You are partially covered in slimy green scales. (AC +2) [potion of mutation]
  2098 | D:2      | HP: 2/47 [poisoned by Crazy Yiuf]
  2105 | D:2      | Killed Crazy Yiuf
  2230 | D:2      | Lost mutation: You are partially covered in slimy green scales. (AC +2) [potion of mutation]
  2230 | D:2      | Lost mutation: Scrolls take you a little longer to read. [potion of mutation]
  2230 | D:2      | Lost mutation: You are occasionally teleported next to monsters. [potion of mutation]
  2230 | D:2      | Gained mutation: You have supernaturally acute eyesight. (SInv) [potion of mutation]
  2230 | D:2      | Gained mutation: Your system is resistant to poisons. (rPois) [potion of mutation]
  2431 | D:3      | Found a faded altar of an unknown god.
  2431 | D:3      | Noticed Ijyb
  2521 | D:3      | Killed from afar by Ijyb

Skill      XL: |  1  2  3  4  5 |
---------------+----------------+-----
Axes           | 3 4 |  4.0
Fighting       | 4 |  4.6
Dodging        | 1 |  1.4
Armour         | 4 |  4.3
Shields        | 4 |  4.0

Action                   |  1- 3 |  4- 6 || total
-------------------------+-------+-------++-------
Melee: War axe           |    85 |   115 ||   200
  Use: Potion            |       |     4 ||     4
  Eat: Chunk             |     1 |     2 ||     3
       Meat ration       |       |     1 ||     1
Armor: Scale mail        |    49 |    63 ||   112
       Skin              |       |     3 ||     3
Dodge: Dodged            |    22 |    46 ||    68
Block: Shield            |    50 |    79 ||   129
